Cogmind - Beta 14 @@@ ROGUE MODE // 2025.01.16 @ 15:09:30 // Winter2021/Sauler Player: 7604 Result: Self-destructed Performance ------------- Evolutions (4) 2000 Regions Visited (10) 2000 Robots Destroyed (141) 705 Value Destroyed (4906) 4906 Prototype IDs (13) 260 Alien Tech Used (0) 0 Bonus (926) 926 TOTAL SCORE: 10797 Bonus ------- High Alert Combat Kills 671 Follower Combat Kills 105 Entered Garrisons 200 Friendly Fire -50 Cogmind --------- Core Integrity 369/850 Matter 230/300 Energy 8/100 System Corruption 11% Temperature Cool (0) Movement Flying (100) Ox1 Location -6/Factory Parts ------- > --- POWER (1) -------- (None) > --- PROPULSION (5) --- Improved Cesium-ion Thruster > --- UTILITY (7) ------ Medium Storage Unit Advanced Gravity Neutralizer Improved Signal Interpreter Hacking Suite System Shield > --- WEAPON (2) ------- (None) > --- INVENTORY (10) --- Structural Scanner Experimental Sensor Array Seismic Detector Transmission Jammer Hardened Medium Armor Plating Improved Light Armor Plating Hacking Suite Hacking Suite Peak State ------------ > --- POWER ------------ Light Angular Momentum Engine > --- PROPULSION ------- Improved Cesium-ion Thruster Improved Cesium-ion Thruster Nuclear Pulse Thruster > --- UTILITY ---------- Medium Storage Unit Advanced Gravity Neutralizer Experimental Sensor Array Improved Signal Interpreter Improved Utility Shielding Hacking Suite System Shield > --- WEAPON ----------- Phase Cannon Minigun > --- INVENTORY -------- Matter Compressor Structural Scanner Seismic Detector Transmission Jammer Reaction Control System Hardened Medium Armor Plating Improved Light Armor Plating Hacking Suite Hacking Suite Heavy Rocket Launcher [Rating: 61] Favorites ----------- Power Ion Engine Engine Ion Engine Power Core Light Nuclear Core Reactor Antimatter Reactor Propulsion Wheel Treads Light Treads Leg Carbon-fiber Leg Wheel Wheel Flight Unit Improved Cesium-ion Thruster Utility Huge Storage Unit Device Advanced Heat Sink Storage Huge Storage Unit Processor Targeting Computer Hackware System Shield Protection Improved Medium Armor Plating Weapon EM Shotgun Energy Gun EM Shotgun Energy Cannon EM Pulse Cannon Ballistic Gun Minigun Ballistic Cannon Assault Cannon Launcher Grenade Launcher Special Weapon Remote Datajack Build | -11 -10 -10 -10 -9 -8 -8 -7 -6 -6 -6 ------- Run | Yrd Mat Min Exi Min Mat Gar Fac Fac Was Fac Slots Evolved 8 | . . . . . 4 . 2 2 . . Power . | . . . . . . . . . . . Propulsion 3 | . . . . . 1 . 1 1 . . Utility 5 | . . . . . 3 . 1 1 . . Weapon . | . . . . . . . . . . . Parts Attached 196 | 7 7 1 . 11 36 22 62 15 6 29 Power 21 | 1 . 1 . 1 4 2 5 1 2 4 Engine 10 | 1 . 1 . 1 . . 5 . . 2 Core 7 | . . . . . 4 2 . 1 . . Reactor 4 | . . . . . . . . . 2 2 Propulsion 49 | 2 . . . 2 7 2 20 5 1 10 Treads 5 | 2 . . . . 1 . . 1 . 1 Leg 1 | . . . . . 1 . . . . . Wheel 36 | . . . . 2 5 2 19 4 1 3 Hover . | . . . . . . . . . . . Flight 7 | . . . . . . . 1 . . 6 Utility 57 | 1 3 . . . 9 7 20 5 3 9 Device 24 | . . . . . 6 3 6 3 1 5 Storage 6 | 1 2 . . . . . 1 1 . 1 Processor 8 | . 1 . . . 1 . 4 1 . 1 Hackware 2 | . . . . . . . 1 . . 1 Protection 17 | . . . . . 2 4 8 . 2 1 Artifact . | . . . . . . . . . . . Weapon 69 | 3 4 . . 8 16 11 17 4 . 6 Energy Gun 16 | 1 4 . . 4 5 2 . . . . Energy Cannon 7 | . . . . . 2 3 . . . 2 Ballistic Gun 25 | 2 . . . . 3 1 15 2 . 2 Ballistic Cannon 10 | . . . . . 4 5 . . . 1 Launcher 10 | . . . . 4 2 . 1 2 . 1 Special Weapon 1 | . . . . . . . 1 . . . Impact Weapon . | . . . . . . . . . . . Slashing Weapon . | . . . . . . . . . . . Piercing Weapon . | . . . . . . . . . . . Special Melee Weapon . | . . . . . . . . . . . Unidentified Prototypes 5 | . . . . . 2 . 2 . 1 . Corrupted Parts 3 | . . . . . 3 . . . . . System Corruption 12 | . . . . . 12 . . . . . Parts Lost 48 | . 1 1 . 2 4 6 16 3 . 15 Power 6 | . . 1 . . 1 . 1 . . 3 Propulsion 20 | . . . . 1 2 2 6 2 . 7 Utility 10 | . . . . . . 2 5 1 . 2 Weapon 12 | . 1 . . 1 1 2 4 . . 3 Highest Loss Streak 6 | . 1 1 . 1 2 4 4 3 . 6 To Critical Strikes . | . . . . . . . . . . . Average Slot Usage (%) 96 | . 99 99 100 98 93 99 99 95 98 86 Engine 7 | . 14 13 14 14 . . 6 1 . 3 Core 2 | . . . . . 8 9 . 4 5 . Treads 10 | . 28 28 28 17 . . . . . 1 Wheel 15 | . . . . 9 23 26 29 27 33 14 Device 5 | . . . . . 12 9 3 6 6 11 Storage 9 | . 14 14 14 14 9 9 7 6 6 6 Processor 13 | . 13 14 14 14 17 9 15 20 20 10 Hackware 3 | . . . . . . . 5 6 6 11 Protection 5 | . . . . . 3 17 11 6 4 4 Energy Gun 10 | . 24 28 28 22 4 3 . . . . Energy Cannon 1 | . . . . . 3 4 . . . . Ballistic Gun 5 | . 2 . . . 2 2 13 12 13 7 Ballistic Cannon 1 | . . . . . 6 8 . . . 1 Peak Build Rating 61 | 6 12 12 12 14 30 33 43 51 55 61 Average Rating 28 | 4 10 11 12 12 24 31 36 47 50 51 On Entrance 23 | . 6 12 12 12 14 30 33 40 50 54 Naked Turns . | . . . . . . . . . . . Heaviest Build 116 | 14 91 91 89 93 104 109 116 112 112 112 Greatest Support 56 | 40 40 40 40 40 36 36 52 56 56 56 Greatest Overweight (x) 10 | . 2 2 2 9 10 3 3 2 1 2 Average Overweight (x) 1 | . 1 2 2 3 3 2 2 1 1 . Largest Inventory Capacity 25 | 8 25 25 25 25 25 25 25 25 25 25 Average Capacity 22 | 6 20 25 25 25 25 25 25 25 25 15 Most Carried 25 | 3 23 23 23 25 25 25 25 25 25 25 Average Carried 21 | 1 18 22 22 24 24 23 24 24 24 14 Final Capacity 25 | 8 25 25 25 25 25 25 25 25 25 10 Final Carried 25 | 3 23 22 23 25 25 22 24 25 25 8 Class Distribution -------------------- 51% | Mutant 42% | Scavenger-Mutant 3% | Hacker-Sprinter Dominant Class ---------------- Mutant | -10/Materials Mutant | -10/Mines Mutant | -10/Exiles Mutant | -9/Mines Scavenger-Mutant | -8/Materials Scavenger-Mutant | -8/Garrison Scavenger-Mutant | -7/Factory Scavenger-Mutant | -6/Factory Scavenger-Mutant | -6/Waste Scavenger-Mutant | -6/Factory Resources | -11 -10 -10 -10 -9 -8 -8 -7 -6 -6 -6 ----------- Run | Yrd Mat Min Exi Min Mat Gar Fac Fac Was Fac Matter Collected 4971 | 237 131 10 . 205 488 1305 1243 162 364 826 Remotely . | . . . . . . . . . . . Salvage Created 4583 | 11 446 54 . 62 565 969 1669 207 . 600 Parts 292 | 4 26 3 . 6 27 54 98 16 . 58 Haulers Intercepted 2 | . . . . . . . 2 . . . Recyclers Shooed 3 | . . . . . . . . 1 . 2 Parts Field Recycled . | . . . . . . . . . . . Retrieved Matter . | . . . . . . . . . . . Parts Self-Destructed . | . . . . . . . . . . . Prevented . | . . . . . . . . . . . Kills | -11 -10 -10 -10 -9 -8 -8 -7 -6 -6 -6 ------- Run | Yrd Mat Min Exi Min Mat Gar Fac Fac Was Fac Combat Hostiles Destroyed 100 | . 9 3 . 8 12 29 23 3 . 13 Guns 50 | . 9 3 . 1 2 7 23 . . 5 Cannons 29 | . . . . . 8 18 . . . 3 AOE 20 | . . . . 7 2 3 . 3 . 5 Classes Destroyed 16 | 1 5 . . 1 4 1 3 . . 1 Worker 12 | . . . . . 1 . 3 2 . 6 Builder 14 | . . . . . 3 . 6 . . 5 Tunneler 4 | 1 1 . . . . . 1 1 . . Hauler 2 | . . . . . . . 2 . . . Recycler 3 | . 1 . . . . . 1 . . 1 Operator 4 | . 1 . . . 1 . . 1 . 1 Watcher 6 | . 1 . . . 1 1 1 1 . 1 Swarmer 25 | . 3 3 . 4 . 11 . . . 4 Cutter 1 | . . . . . . . . . . 1 Grunt 48 | . 6 . . . 7 16 12 3 . 4 Brawler 1 | . . . . . . . 1 . . . Duelist 1 | . . . . . . 1 . . . . Sentry 6 | . . . . . 3 1 2 . . . Hunter 7 | . . . . . 2 . 3 . . 2 Programmer 7 | . . . . . . . 5 . . 2 Assembled 4 | . . . . 4 . . . . . . Best Kill Streak 7 | 1 3 3 . 4 3 7 6 4 . 6 Combat Bots Only 7 | . 3 3 . 4 3 7 5 3 . 4 Max Kills in Single Turn 6 | 1 1 1 . 3 1 1 2 2 . 6 Gunslinging . | . . . . . . . . . . . Exploded 4 | . . . . 3 1 1 . 2 . 4 Melee . | . . . . . . . . . . . Uniques/NPCs Destroyed . | . . . . . . . . . . . Combat | -11 -10 -10 -10 -9 -8 -8 -7 -6 -6 -6 -------- Run | Yrd Mat Min Exi Min Mat Gar Fac Fac Was Fac Hostile Shots Fired 644 | . 32 22 . 32 58 157 182 19 . 142 Missed 193 | . 6 8 . 8 20 33 53 5 . 60 Damage Taken 6627 | . 308 116 . 432 570 1447 1839 271 . 1644 Core 1049 | . 22 15 . 100 82 212 137 . . 481 Absorbed by Shields 197 | . . . . . . 177 20 . . . Redirected to Shielding 320 | . . . . . . 152 60 . . 108 Regen/Repaired (Parts) 87 | . 44 . . . . . . . . 43 Core Remaining (%) 67 | 100 . . . 45 . 46 80 . . . Volleys Fired 352 | 1 28 6 . 10 38 102 91 19 . 57 Largest 2 | 2 2 2 . 2 2 2 2 2 . 2 Hottest 120 | 70 90 90 . 90 120 113 113 78 . 85 Shots Fired 646 | 2 54 12 . 20 77 175 179 37 . 90 Gun 406 | 2 54 12 . 10 20 44 177 32 . 55 Cannon 219 | . . . . . 53 131 1 . . 34 Launcher 20 | . . . . 10 4 . . 5 . 1 Special 1 | . . . . . . . 1 . . . Kinetic 466 | 1 10 . . . 56 114 176 32 . 77 Thermal 23 | 1 10 . . . . . . . . 12 Explosive 20 | . . . . 10 4 . . 5 . 1 Electromagnetic 136 | . 34 12 . 10 17 61 2 . . . Robot Hit Streak 23 | 1 10 8 . 5 23 17 12 8 . 16 Robot Miss Streak 6 | . 6 3 . 2 4 4 3 2 . 5 Penetration Max 1 | . . . . . 1 . 1 . . . Secondary Targets 5 | . 1 . . 1 . . 2 . . 1 Max Gunslinging Chain 1 | . 1 . . 1 . . 1 . . 1 Shots Hit Robots 415 | 1 39 9 . 13 57 86 128 25 . 57 Core Hits 242 | 1 25 4 . 14 30 44 69 17 . 38 Critical Kills 5 | . . . . . . 1 2 . . 2 Critical Parts Destroyed 7 | . . . . . . 1 3 1 . 2 Critical Strikes 16 | . 1 . . . . 2 6 1 . 6 Burn 1 | . 1 . . . . . . . . . Destroy 13 | . . . . . . 2 6 1 . 4 Blast 2 | . . . . . . . . . . 2 Melee Attacks . | . . . . . . . . . . . Impact . | . . . . . . . . . . . Slashing . | . . . . . . . . . . . Piercing . | . . . . . . . . . . . Sneak Attacks . | . . . . . . . . . . . Combat Hostiles . | . . . . . . . . . . . Follow-up Attacks . | . . . . . . . . . . . Damage Inflicted 11442 | 12 638 115 . 446 1538 2361 2717 975 . 2640 Guns 5737 | 12 584 115 . 87 358 710 2688 431 . 752 Cannons 2939 | . . . . . 956 1447 . . . 536 Explosions 2737 | . 54 . . 359 224 204 . 544 . 1352 Melee . | . . . . . . . . . . . Ramming 29 | . . . . . . . 29 . . . Kinetic 6763 | . 43 . . . 1085 1368 2675 431 . 1161 Thermal 1420 | 12 132 . . . 45 204 . . . 1027 Explosive 1534 | . . . . 359 179 . . 544 . 452 Electromagnetic 1696 | . 463 115 . 87 229 789 13 . . . Impact . | . . . . . . . . . . . Slashing . | . . . . . . . . . . . Piercing . | . . . . . . . . . . . Highest Corruption 12 | . . . . . 12 12 10 9 9 11 Average Corruption 9 | . . . . . 10 12 6 8 9 9 Corruption Purged . | . . . . . . . . . . . Corruption Blocked . | . . . . . . . . . . . Effects 250 | . . . . . 43 68 53 15 9 62 Message Errors 55 | . . . . . 10 19 11 1 2 12 Matter Fused 60 | . . . . . 10 16 12 3 3 16 Heat Flow Errors 26 | . . . . . 4 8 6 1 1 6 Energy Discharges 28 | . . . . . 5 5 8 1 1 8 Parts Rejected 1 | . . . . . . . 1 . . . Parts Fused 1 | . . . . . . . . . . 1 Data Loss (minor) 30 | . . . . . 3 4 4 7 2 10 Data Loss (major) 11 | . . . . . 4 4 1 . . 2 Misfires 14 | . . . . . 3 4 5 . . 2 Alerts 6 | . . . . . 2 2 . 1 . 1 Misdirections 1 | . . . . . 1 . . . . . Weapon Failures 17 | . . . . . 1 6 5 1 . 4 Overload Shots . | . . . . . . . . . . . Overflow Damage 257 | . 20 . . . 7 28 . . . 202 Projectiles 47 | . . . . . 7 28 . . . 12 Explosions 210 | . 20 . . . . . . . . 190 Melee . | . . . . . . . . . . . Knockbacks 26 | . . . . . 10 10 1 . . 5 Impact 1 | . . . . . . . 1 . . . Kinetic 23 | . . . . . 9 9 . . . 5 Secondary 2 | . . . . . 1 1 . . . . Self-Inflicted Damage 486 | . 37 . . 132 . . 14 . . 303 Shots 11 | . 1 . . 5 . . . . . 5 Rammed 2 | . . . . . . . 2 . . . Targets Rammed 2 | . . . . . . . 2 . . . Kicked . | . . . . . . . . . . . Crushed . | . . . . . . . . . . . Highest Temperature 365 | 9 168 150 . 132 229 365 287 223 177 194 Average Temperature 79 | 6 47 81 . 54 48 117 58 105 108 43 Received Heat Transfer 1857 | . 108 . . . 279 605 493 93 . 279 Effects 8 | . . . . . . 8 . . . . Shutdowns 1 | . . . . . . 1 . . . . Energy Bleed 2 | . . . . . . 2 . . . . Interference 4 | . . . . . . 4 . . . . Damage (minor) 1 | . . . . . . 1 . . . . Siege Activations . | . . . . . . . . . . . Robots Corrupted 1 | . . . . . . 1 . . . . Combat Hostiles 1 | . . . . . . 1 . . . . Parts Fried 9 | . 3 3 . . 1 2 . . . . Impact Corruptions . | . . . . . . . . . . . Robots Melted . | . . . . . . . . . . . Combat Hostiles . | . . . . . . . . . . . Parts Melted 3 | . . . . . 1 . 2 . . . Heat Transferred 1581 | 37 396 . . . 50 200 . . . 898 Parts Sabotaged . | . . . . . . . . . . . Parts Stolen . | . . . . . . . . . . . Parts Stripped . | . . . . . . . . . . . Power Chain Reactions 5 | . 1 . . . 1 3 . . . . Alert | -11 -10 -10 -10 -9 -8 -8 -7 -6 -6 -6 ------- Run | Yrd Mat Min Exi Min Mat Gar Fac Fac Was Fac Peak Influence 1113 | 5 112 85 . 122 311 1113 790 416 104 609 Initial 583 | . 3 25 . . . 133 583 348 104 72 Average 260 | 2 28 12 . 53 96 591 604 326 104 140 Maximum Alert Level 4 | . . . . . 1 4 3 2 . 2 Low Security (%) 59 | 100 100 100 . 100 89 8 . . 100 86 Level 1 10 | . . . . . 10 19 . 99 . 5 Level 2 23 | . . . . . . 43 85 . . 8 Level 3 5 | . . . . . . 20 14 . . . Level 4 1 | . . . . . . 7 . . . . Level 5 . | . . . . . . . . . . . High Security . | . . . . . . . . . . . Max Security . | . . . . . . . . . . . Squads Dispatched 35 | . 2 . . . 4 . 13 5 . 11 Investigation 13 | . 1 . . . 2 . 4 3 . 3 Extermination 7 | . . . . . . . 5 . . 2 Reinforcement 9 | . 1 . . . 1 . . 2 . 5 Assault 1 | . . . . . . . 1 . . . Garrison 5 | . . . . . 1 . 3 . . 1 Intercept . | . . . . . . . . . . . Searches Triggered . | . . . . . . . . . . . Construction Impeded 3 | . . . . . . . . 1 . 2 Haulers Reinforced . | . . . . . . . . . . . Active Scanning Responses . | . . . . . . . . . . . Cargo Convoy Interrupts . | . . . . . . . . . . . Stealth | -11 -10 -10 -10 -9 -8 -8 -7 -6 -6 -6 --------- Run | Yrd Mat Min Exi Min Mat Gar Fac Fac Was Fac Distress Signals 4 | . . . . . . 1 3 . . . Communications Jammed . | . . . . . . . . . . . Distress Signals . | . . . . . . . . . . . Times Spotted 162 | . 11 3 . 8 16 33 44 9 1 37 Peak Tracking Total 9 | . 3 3 . 4 3 8 6 4 1 9 Tactical Retreats 15 | . . . . . . 3 3 . . 9 Traps | -11 -10 -10 -10 -9 -8 -8 -7 -6 -6 -6 ------- Run | Yrd Mat Min Exi Min Mat Gar Fac Fac Was Fac Traps Triggered 23 | . 1 . . . . 9 9 3 . 1 Indirectly . | . . . . . . . . . . . Trap Hack Attempts . | . . . . . . . . . . . Triggered . | . . . . . . . . . . . Disarmed . | . . . . . . . . . . . Reprogrammed . | . . . . . . . . . . . Reused . | . . . . . . . . . . . Traps Extracted . | . . . . . . . . . . . Installed . | . . . . . . . . . . . Triggered . | . . . . . . . . . . . Machines | -11 -10 -10 -10 -9 -8 -8 -7 -6 -6 -6 ---------- Run | Yrd Mat Min Exi Min Mat Gar Fac Fac Was Fac Machines Disabled 22 | . . . . . 2 4 . . . 16 Max in Single Turn 5 | . . . . . 1 2 . . . 5 Garrison Relay 2 | . . . . . . 2 . . . . Phase Generator 1 | . . . . . . 1 . . . . Machines Repaired . | . . . . . . . . . . . Machines Dismantled . | . . . . . . . . . . . Machines Sabotaged . | . . . . . . . . . . . Overloaded Fab Kills . | . . . . . . . . . . . Hacking | -11 -10 -10 -10 -9 -8 -8 -7 -6 -6 -6 --------- Run | Yrd Mat Min Exi Min Mat Gar Fac Fac Was Fac Machines Accessed 56 | . 9 . 1 . 11 3 6 11 . 15 Terminals 31 | . 6 . . . 5 3 3 7 . 7 Fabricators 5 | . . . . . . . 2 . . 3 Repair Stations 6 | . 1 . . . 1 . . 2 . 2 Recycling Units 7 | . 2 . . . 2 . 1 1 . 1 Scanalyzers 4 | . . . . . 2 . . 1 . 1 Garrison Access 2 | . . . . . 1 . . . . 1 Total Hacks 161 | . 29 . 5 . 34 5 12 37 . 39 Successful 67 | . 17 . 5 . 11 1 3 9 . 21 Failed 94 | . 12 . . . 23 4 9 28 . 18 Catastrophic 30 | . 2 . . . 8 2 4 9 . 5 Database Lockouts . | . . . . . . . . . . . Manual 62 | . 14 . . . 13 . . 19 . 16 Terminals 93 | . 23 . . . 13 5 5 28 . 19 Fabricators 13 | . . . . . . . 6 . . 7 Repair Stations 15 | . 2 . . . 5 . . 3 . 5 Recycling Units 13 | . 4 . . . 4 . 1 2 . 2 Scanalyzers 18 | . . . . . 10 . . 4 . 4 Garrison Access 4 | . . . . . 2 . . . . 2 Terminal Hacks 30 | . 12 . 5 . 3 1 . 4 . 5 Record 5 | . . . 5 . . . . . . . Part Schematic 4 | . 2 . . . . . . 1 . 1 Robot Schematic 1 | . 1 . . . . . . . . . Robot Analysis 6 | . 4 . . . 2 . . . . . Prototype ID Bank 4 | . 3 . . . . . . 1 . . Open Door 1 | . . . . . . 1 . . . . Open DSF 1 | . . . . . . . . . . 1 Branch Access Points 2 | . . . . . . . . 1 . 1 Terminal Index 1 | . . . . . . . . . . 1 Locate Traps 2 | . . . . . 1 . . 1 . . Recall Investigation 1 | . . . . . . . . . . 1 Hauler Manifests 1 | . 1 . . . . . . . . . Zone Layout 1 | . 1 . . . . . . . . . Fabricator Hacks 8 | . . . . . . . 3 . . 5 Network Status 2 | . . . . . . . 1 . . 1 Load Schematic 3 | . . . . . . . 1 . . 2 Build 3 | . . . . . . . 1 . . 2 Repair Station Hacks 8 | . 2 . . . 1 . . 1 . 4 Scan Component 5 | . 1 . . . 1 . . 1 . 2 Repair 3 | . 1 . . . . . . . . 2 Recycling Unit Hacks 6 | . 2 . . . 2 . . 1 . 1 Retrieve Components 6 | . 2 . . . 2 . . 1 . 1 Scanalyzer 6 | . . . . . 2 . . 2 . 2 Insert Component 4 | . . . . . 2 . . 1 . 1 Analyze 2 | . . . . . . . . 1 . 1 Garrison Access Hacks 1 | . . . . . 1 . . . . . Unlock Access 1 | . . . . . 1 . . . . . Unauthorized Hacks 8 | . 1 . . . 2 . . 1 . 4 Terminals 6 | . 1 . . . . . . 1 . 4 Track 2 | . . . . . . . . . . 2 Botnet 4 | . 1 . . . . . . 1 . 2 Fabricators . | . . . . . . . . . . . Repair Stations . | . . . . . . . . . . . Recycling Units 2 | . . . . . 2 . . . . . Reject 1 | . . . . . 1 . . . . . Mask 1 | . . . . . 1 . . . . . Scanalyzers . | . . . . . . . . . . . Garrison Access . | . . . . . . . . . . . Data Cores Recovered 1 | . . . . . . . . 1 . . Used 1 | . . . . . . . . 1 . . Hacking Detections 51 | . 8 . . . 10 2 6 10 . 15 Full Trace Events 11 | . . . . . 3 . 2 3 . 3 Feedback Events . | . . . . . . . . . . . Feedback Blocked . | . . . . . . . . . . . Robot Schematics Acquired 1 | . 1 . . . . . . . . . Robots Built 1 | . . . . . . . 1 . . . Authchips . | . . . . . . . . . . . Time 40 | . . . . . . . 40 . . . Total Robot Build Rating 1 | . . . . . . . 1 . . . Part Schematics Acquired 4 | . 1 . . . . . . 2 . 1 Parts Built 2 | . . . . . . . . . . 2 Authchips . | . . . . . . . . . . . Time 268 | . . . . . . . . . . 268 Total Part Build Rating 8 | . . . . . . . . . . 8 Parts Repaired 3 | . 1 . . . . . . . . 2 Time 292 | . 32 . . . . . . . . 260 Parts Recycled . | . . . . . . . . . . . Recycled Matter . | . . . . . . . . . . . Retrieved Matter . | . . . . . . . . . . . Retrieved Components 22 | . 9 . . . 10 . . 3 . . Parts Scanalyzed 3 | . . . . . 1 . . 1 . 1 Part Schematics Acquired 1 | . . . . . . . . 1 . . Parts Damaged 2 | . . . . . 1 . . . . 1 Bothacking | -11 -10 -10 -10 -9 -8 -8 -7 -6 -6 -6 ------------ Run | Yrd Mat Min Exi Min Mat Gar Fac Fac Was Fac Used RIF Installer . | . . . . . . . . . . . Robots Hacked 1 | . . . . . . . 1 . . . Non-combat 1 | . . . . . . . 1 . . . Combat . | . . . . . . . . . . . Robot Hacks Applied 1 | . . . . . . . 1 . . . find_fabricator 1 | . . . . . . . 1 . . . Relay Couplers Released 8 | . . . . . . 8 . . . . Machine Destruction 8 | . . . . . . 8 . . . . Fabnet Peak Effective % . | . . . . . . . . . . . Robots Rewired 3 | . . . . . . 3 . . . . Allies Hacked . | . . . . . . . . . . . Hacks Repelled . | . . . . . . . . . . . Allies | -11 -10 -10 -10 -9 -8 -8 -7 -6 -6 -6 -------- Run | Yrd Mat Min Exi Min Mat Gar Fac Fac Was Fac Total Allies 6 | . . 2 . . . 3 1 . . . Largest Group 3 | . . 2 2 . . 3 3 . . . Highest-Rated Group 82 | . . 45 45 . . 82 82 . . . Highest-Rated Ally 31 | . . 31 31 . . 31 31 . . . Total Orders . | . . . . . . . . . . . Ally Attacks 20 | . . . . . . . 20 . . . Total Damage 343 | . . . . . . . 343 . . . Kills 4 | . . . . . . . 4 . . . Allies Corrupted . | . . . . . . . . . . . Allies Melted . | . . . . . . . . . . . Intel | -11 -10 -10 -10 -9 -8 -8 -7 -6 -6 -6 ------- Run | Yrd Mat Min Exi Min Mat Gar Fac Fac Was Fac Robot Analysis Total 6 | . 4 . . . 2 . . . . . Derelict Logs Recovered 2 | . . 1 . 1 . . . . . . Drone Launches . | . . . . . . . . . . . Drone Recoveries . | . . . . . . . . . . . Exploration | -11 -10 -10 -10 -9 -8 -8 -7 -6 -6 -6 ------------- Run | Yrd Mat Min Exi Min Mat Gar Fac Fac Was Fac Turns Passed 11937 | 112 1812 868 881 952 1088 1504 2170 612 271 1667 Spaces Moved 6925 | 61 625 265 276 400 634 725 1360 467 262 1850 Core 2 | 2 . . . . . . . . . . Treads 1398 | 59 625 265 276 173 . . . . . . Legs . | . . . . . . . . . . . Wheels 4342 | . . . . 227 634 725 1360 467 262 667 Hover . | . . . . . . . . . . . Flight 1183 | . . . . . . . . . . 1183 Fastest Speed 30 | 50 160 320 320 140 116 116 102 99 99 30 Average Speed 137 | 156 251 320 320 224 130 126 116 111 99 59 Slowest Speed 480 | 160 320 320 320 480 230 131 135 115 99 162 Overloaded Moves . | . . . . . . . . . . . Propulsion Burnouts . | . . . . . . . . . . . Robots Hopped 21 | . . . . . . . . . . 21 Cave-ins Triggered . | . . . . . . . . . . . Exploration Rate (%) 51 | 5 76 56 62 89 31 71 37 15 86 36 Regions Visited 10 Branch Regions 3 Pre-discovered Areas 1 | . . . 1 . . . . . . . Known Exits Taken 1 | . . . . . 1 . . . . . Unknown Exits Taken 6 | 1 1 1 1 1 . . 1 . . . Scrap Searched 3 | . . 1 . 2 . . . . . . Spaces Dug 33 | . . . . 29 . . . . . 4 Terrain Destroyed 308 | . 4 . . 76 28 84 . 13 . 103 Melee . | . . . . . . . . . . . Projectile 11 | . . . . . 4 . . . . 7 AOE 297 | . 4 . . 76 24 84 . 13 . 96 Terrain Rammed . | . . . . . . . . . . . Walls Destroyed . | . . . . . . . . . . . Machines Disabled . | . . . . . . . . . . . Actions | -11 -10 -10 -10 -9 -8 -8 -7 -6 -6 -6 --------- Run | Yrd Mat Min Exi Min Mat Gar Fac Fac Was Fac Total 8755 | 73 817 275 276 433 824 1137 1799 529 277 2315 Wait 906 | 1 123 4 . 5 55 168 192 5 . 353 Move 6877 | 60 624 264 275 399 634 724 1359 467 261 1810 Hop 19 | . . . . . . . . . . 19 Pick Up 127 | 3 25 . 1 4 25 11 32 12 3 11 Fast Attach 65 | 6 4 . . 2 16 . 22 1 2 12 Attach 51 | 1 2 1 . 1 6 7 16 4 1 12 Detach 26 | 1 3 . . 1 4 1 4 . 1 11 Swap 80 | . 1 . . 8 14 15 24 10 3 5 Drop 129 | . 7 . . 3 32 11 34 11 6 25 Fire 352 | 1 28 6 . 10 38 102 91 19 . 57 Melee . | . . . . . . . . . . . Ram 2 | . . . . . . . 2 . . . Kick . | . . . . . . . . . . . Crush . | . . . . . . . . . . . Escape Stasis 95 | . . . . . . 72 23 . . . Rewire 26 | . . . . . . 26 . . . . Trap . | . . . . . . . . . . . Miscellaneous . | . . . . . . . . . . . Route ------- -11/Scrapyard -10/Materials (discovered 2 exits: [*Mat] / [*Min]) -10/Mines -10/Exiles -9/Mines -8/Materials (discovered 3 exits: Fac / Sto / Gar) -8/Garrison (discovered 2 exits: *Fac x2) -7/Factory (discovered 2 exits: *Fac / [*Low]) -6/Factory (discovered 2 exits: Low x2) -6/Waste -6/Factory (discovered 4 exits: *Fac x2 / *Low x2) History --------- Turn | Location | Event 6 | -11/Scrapyard | Discovered new exit (range 15) 113 | -11/Scrapyard | Entered Materials 303 | -10/Materials | Build established: Mutant 656 | -10/Materials | Discovered new exit (range 3) 1046 | -10/Materials | Repaired EM Shotgun 1732 | -10/Materials | Discovered new exit (range 8) 1925 | -10/Materials | Entered Mines 2214 | -10/Mines | Deemed a non-threat by the Exiles lab entrance 2214 | -10/Mines | Discovered new exit (range 5) 2393 | -10/Mines | Learned Materials emergency access door positions 2793 | -10/Mines | Entered Exiles 2793 | -10/Exiles | Accompanied by 2 allies 2823 | -10/Exiles | Led the pair of lost Derelicts to a safe place 2867 | -10/Exiles | Met 8R-AWN 2925 | -10/Exiles | Met EX-HEX 3011 | -10/Exiles | Met EX-BIN 3053 | -10/Exiles | Met EX-DEC 3065 | -10/Exiles | Learned location of Zion (-6) 3217 | -10/Exiles | Discovered new exit (range 14) 3674 | -10/Exiles | Entered Mines 3791 | -9/Mines | Found a damaged Exp. Sensor Array with a note attached 3799 | -9/Mines | Found Prototype Device 4137 | -9/Mines | Assembled infested the area 4142 | -9/Mines | Assisted by a Guerilla fighting off Assembled 4220 | -9/Mines | Core integrity fell below 50% 4315 | -9/Mines | Learned location of 2 exits from Materials 4612 | -9/Mines | Discovered new exit (range 9) 4626 | -9/Mines | Entered Materials 4626 | -8/Materials | Evolved 4 slots: Propulsion x1, Utility x3 4627 | -8/Materials | Identified exit to Storage 4627 | -8/Materials | Identified exit to Factory 4695 | -8/Materials | Identified Exp. Sensor Array 4919 | -8/Materials | System corruption reached 10% 5024 | -8/Materials | Build established: Scavenger-Mutant 5670 | -8/Materials | Garrison activated, responded to threat 5714 | -8/Materials | Identified exit to Garrison 5714 | -8/Materials | Entered Garrison 5845 | -8/Garrison | Phase Generator disabled 6028 | -8/Garrison | Build established: Mutant 6054 | -8/Garrison | Triggered checkpoint 6056 | -8/Garrison | Triggered checkpoint 6139 | -8/Garrison | Garrison Relay disabled 6246 | -8/Garrison | Triggered checkpoint 6329 | -8/Garrison | Triggered checkpoint 6453 | -8/Garrison | Destroyed 7 combat bots 6455 | -8/Garrison | Lost 4 parts (1n2u1w) 6495 | -8/Garrison | Triggered checkpoint 6573 | -8/Garrison | Triggered checkpoint 6682 | -8/Garrison | Discovered exit to Factory (range 10) 6705 | -8/Garrison | Build established: Scavenger-Mutant 6888 | -8/Garrison | Discovered exit to Factory (range 3) 6946 | -8/Garrison | Triggered checkpoint 7041 | -8/Garrison | Garrison Relay disabled 7050 | -8/Garrison | Core integrity fell below 50% 7218 | -8/Garrison | Entered Factory 7218 | -7/Factory | Accompanied by 3 allies 7218 | -7/Factory | Evolved 2 slots: Propulsion x1, Utility x1 7928 | -7/Factory | Build established: Mutant 8205 | -7/Factory | Garrison activated, responded to threat 8269 | -7/Factory | Lost 4 parts (3u1w) 8403 | -7/Factory | Build established: Scavenger-Mutant 8406 | -7/Factory | Lost 4 parts (1n1u2w) 8447 | -7/Factory | Discovered new exit (range 2) 8656 | -7/Factory | Discovered new exit (range 6) 8677 | -7/Factory | Lost 4 parts (1p2n1u) 9052 | -7/Factory | System corruption reached 10% 9205 | -7/Factory | Fabricated M-13 Machinist (x1) 9247 | -7/Factory | First assault squad dispatched 9388 | -7/Factory | Entered another Factory area 9388 | -6/Factory | Evolved 2 slots: Propulsion x1, Utility x1 9818 | -6/Factory | Lost 3 parts (2n1u) 9895 | -6/Factory | Identified exit to Lower Caves 10000 | -6/Factory | Sucked down chute 10000 | -6/Factory | Entered Waste 10000 | -6/Waste | The area was eerily silent 10145 | -6/Waste | Found Quantum Capacitor 10161 | -6/Waste | Discovered new exit (range 13) 10260 | -6/Waste | A Compactor rumbled back to life 10260 | -6/Waste | Spotted C-40 Crusher 10271 | -6/Waste | Entered Factory 10673 | -6/Factory | Discovered exit to Lower Caves (range 5) 10708 | -6/Factory | Repaired Broken Exp. Sensor Array? 10858 | -6/Factory | Lost 6 parts (4n2w) 11160 | -6/Factory | System corruption reached 10% 11399 | -6/Factory | Repaired Broken Adv. Gravity Neutralizer? 11598 | -6/Factory | Discovered new exit (range 11) 11670 | -6/Factory | Discovered new exit (range 12) 11681 | -6/Factory | Identified exit to Factory 11713 | -6/Factory | Build established: Hacker-Sprinter 11772 | -6/Factory | Fabricated Imp. Cesium-ion Thruster? 11804 | -6/Factory | Garrison activated, responded to threat 11907 | -6/Factory | Fabricated Imp. Cesium-ion Thruster? 11930 | -6/Factory | Core integrity fell below 50% 11938 | -6/Factory | Self-destructed Last Messages --------------- 11929_ Destroyed Welding Torch. 11929_ Power Conduit explodes. 11929_ K-01 Serf destroyed. 11929_ U-05 Engineer destroyed. 11929_ Power Conduit explodes. 11929_ H-66 Slayer destroyed. 11929_ U-05 Engineer destroyed. 11929_ U-05 Engineer lays Concrete. 11930_ K-01 Serf collects debris. 11931_ U-05 Engineer lays Concrete. 11932_ C-17 Slicer destroyed. 11933_ Imp. Cesium-ion Thruster severed. 11934_ K-01 Serf collects debris. 11934_ U-05 Engineer lays Concrete. 11936_ K-01 Serf collects debris. 11936_ Phase Cannon severed. 11936_ U-05 Engineer lays Concrete. 11937_ Acquired Imp. Cesium-ion Thruster. 11938_ K-01 Serf collects debris. 11938_ U-05 Engineer lays Concrete. Map ----- +----------------------------------------------------+ | | | | | """ """ """ | | """ """ """ #### | | """ """ """ ##+###### | | ###+#####"######+######## """ """ """ # | | ?# # "#?# #! """""" | | ?# ! # [ ##?# """ """ """ # | | ?+ # #??# """ """ """ # """ """ | | ?# # " "" !! #??# """ """ """ # """G""" | | ?# """ """ # " "" !! #??# """ """ """ #+####### | | ?# """ """ # """" !! #??# #?# | | ?# """ """ # """" #### ### " | | ?# # +p "T" k"T | | ?# """ #########"####* ###### | | ?# """ ##??????###??# #????# | | ?# """ #????????????# #?######+# | | ?# "" #???????###### u #?# | | ?# """ F" #?????### ; #?# "" "" | | ?# """ " #????## #?# ""T"" | | ?# """ "" ######; #?# """ | | ?# # k #?# ! | | ?##+######## ########## | | ### #??????# /= ! | | #??????# !%cc ! ########## | | #??????# =@] #????????? | | ######## ##????????? | | + = #?????????? | | ##### k [ * #?????????? | | """ #???# | " #?????????? | | """ #???? ! R "" #?????????? | | """ #???? [ "" #?????????? | | #???? * [=* +?????????? | | """ #??########;; ; #?????????? | | """ #? ; ##?????????? | | """ #??"" "" # #### #??????????? | | [#??"" "" # ""= #??# #??????????? | | """ #???"" """ ! + "F #??# #??????????? | | """ #???"" """ # "" #??#+???????????? | | """ #????" """ # "" #??? ???????????? | | #???? !# #??? ???????????? | | #???########## #??? ???????????? | | #???########## #???????????????? | | "T" #???# # #???????????????? | | ##### ! # """ #???????????????? | | + # """"" #???????????????? | | ############ # """"" #???????????????? | | #??????????# # +???????????????? | | ???????????# # """ #???????????##### | | ???????????# # """"" ##########??# | +----------------------------------------------------+ Best States ------------- Heat Dissipation 56 Energy Generation 21 Energy Capacity 325 Matter Stores 300 Matter Capacity 300 Sight Range 18 Robot Scan Range 20 Terrain Scan Range 16 Terrain Scan Density 10 Additional Mass Support 16 Armor Coverage 450 Propulsion Shielding 66 Utility Shielding 66 Evasion (%) 71 Targeting Accuracy 8 Target Analysis 6 Core Analysis 6 Recoil Reduction 4 Kinecelleration 30 Offensive Hacking 10 Defensive Hacking 10 Item Schematics ----------------- ECM Suite | -10/Materials | Hacked Imp. Cesium-ion Thruster | -6/Factory | Scanalyzed Imp. Hacking Suite | -6/Factory | Hacked Imp. System Shield | -6/Factory | Hacked Robot Schematics ------------------ M-13 Machinist | -10/Materials | Hacked Fabricated ------------ M-13 Machinist | x1 | -7/Factory Imp. Cesium-ion Thruster | x1 | -6/Factory Imp. Cesium-ion Thruster | x1 | -6/Factory Alien Tech Used ----------------- None Achievements -------------- None Challenges ------------ None Game ------ Seed SwarmRegenerativeMediator Manual? 0 Play Time 01:39:12 Cumulative 192.2 hours Start 2025.01.15 @ 14:49:55 End 2025.01.16 @ 15:09:30 Sessions 3 Manual Loads 0 Difficulty Rogue Special Mode Winter2021/Sauler Game No. 100 Rogue 37 Adventurer 63 Explorer 0 Win Type - Total 8 Types 7/0/0/1/0/0/0/0/0 Lore% 73 Gallery% 70 Achievement% 57 Wizard Run 0 Options --------- Layout 1 ASCII 0 Keyboard 1 Movement Numpad Keybinds 0 Fullscreen 2 Font 24/Terminus Map View 50x35 Zoom Use 0% Tactical HUD 1 Map Filters NONE Filters NONE Steam 1 RUN: af8aea2b-c2ab-40b5-a127-6a4aa4934ca3